Map: Ruins of Seras

Players

PurpleStain - Winner!

  • Race: Terran Terran
  • League: Diamond

Muse

  • Race: Zerg Zerg
  • League: Diamond

VOD

Have the link to the VOD?

Description

Time

  • Played on: Jan. 11, 2016, 12:56 p.m.
  • Length: 29:56
Show
View Real Time Build Order
Export as new Build Order

PurpleStain Terran - Winner!

Build Orders: Liberator Opening, Reaper Expand 

Get SALT Encoding   

  12  0:00  SCV  
  13  0:13  SCV  
  14  0:18  Supply Depot  
  14  0:25  SCV  
  15  0:39  SCV  
  16  0:43  Barracks  
  16  0:47  Refinery  
  16  0:52  SCV  
  17  1:04  SCV  
  18  1:16  SCV  
  19  1:30  Orbital Command  
  19  1:31  Reaper  
  20  1:51  Command Center  
  20  2:03  SCV  
  20  2:06  Barracks Reactor  
  21  2:10  Supply Depot  
  21  2:13  Refinery  
  21  2:21  SCV  
  22  2:26  Factory  
  22  2:33  SCV  
  23  2:46  Marine x2  
  23  2:48  SCV  
  26  2:57  Supply Depot  
  26  3:02  SCV  
  27  3:16  SCV, Starport  
  28  3:24  Hellion x2  
  28  3:26  Marine  
  32  3:28  SCV  
  32  3:30  Orbital Command  
  32  3:32  Bunker  
  33  3:41  SCV  
  36  3:48  Hellion  
  36  3:49  Hellion  
  36  3:50  Barracks Reactor  
  36  3:53  SCV, Liberator  
  41  4:10  Hellion x2  
  41  4:11  Supply Depot  
  45  4:26  SCV x2  
  45  4:28  Supply Depot  
  47  4:35  Refinery  
  47  4:38  SCV x2, Hellion  
  49  4:39  Hellion  
  53  4:50  SCV x2  
  55  5:02  SCV  
  55  5:03  SCV  
  55  5:06  Armory  
  57  5:15  SCV x2  
  59  5:22  Hellion  
  59  5:26  Supply Depot  
  59  5:27  SCV  
  62  5:48  SCV x2, Hellion  
  66  5:51  Viking x2, Engineering Bay  
  70  6:05  SCV x2  
  70  6:09  Marine  
  69  6:17  SCV  
  70  6:24  SCV  
  69  6:32  Viking x2  
  63  6:33  Widow Mine x2  
  63  6:34  SCV  
  63  6:36  SCV  
  63  6:38  Command Center  
  66  6:40  Refinery  
  66  6:45  Missile Turret  
  66  6:46  Missile Turret  
  66  6:47  SCV  
  67  6:48  Missile Turret  
  67  6:50  Missile Turret  
  67  6:53  SCV  
  68  6:55  Supply Depot, Factory  
  68  6:56  Factory  
  68  6:59  SCV, Liberator x2  
  69  7:12  Terran Vehicle Weapons Level 1  
  69  7:16  Supply Depot  
  69  7:17  Supply Depot  
  69  7:19  Supply Depot  
  75  7:30  Hellion  
  75  7:32  SCV  
  78  7:38  SCV, Hellion  
  78  7:39  Supply Depot  
  78  7:40  Factory Tech Lab x2  
  78  7:41  Supply Depot  
  78  7:42  Liberator  
  81  7:45  Liberator  
  81  7:52  SCV x2, Missile Turret  
  81  7:57  Missile Turret  
  83  8:03  Cyclone x2  
  83  8:04  Hellion  
  99  8:06  Hellion  
  99  8:11  SCV x2  
  101  8:17  Orbital Command  
  101  8:23  SCV x2  
  103  8:27  Hellion x2  
  107  8:36  Missile Turret  
  99  8:49  Liberator x2  
  87  9:06  Hellion x2, Siege Tank x2  
  87  9:08  SCV  
  87  9:09  SCV x2  
  104  9:13  Command Center, Refinery  
  104  9:14  Refinery  
  104  9:21  SCV x3  
  107  9:29  Infernal Pre-Igniter  
  107  9:30  Mag-Field Accelerator  
  107  9:34  Factory  
  107  9:35  SCV x3, Starport  
  107  9:36  Starport  
  109  9:46  Liberator  
  109  9:47  SCV x3  
  112  10:01  Hellion x2, Siege Tank  
  112  10:02  Cyclone  
  117  10:14  Starport Tech Lab x2  
  117  10:20  SCV x3  
  120  10:31  Command Center  
  120  10:32  Command Center  
  120  10:35  Hellion x2  
  120  10:38  Factory Tech Lab, Hellion x2  
  120  10:39  Cyclone x2  
  120  10:41  Banshee, Hellion x2  
  133  10:47  Supply Depot  
  133  10:53  Banshee  
  133  11:08  SCV x3  
  136  11:11  Supply Depot  
  136  11:12  Supply Depot  
  136  11:13  Supply Depot  
  136  11:17  Terran Ship Weapons Level 1  
  136  11:18  Fusion Core  
  136  11:20  SCV  
  136  11:21  Siege Tank x3  
  136  11:22  Hellion x2  
  150  11:39  Liberator x2  
  131  11:55  Viking x2  
  131  11:57  Cloaking Field  
  139  12:05  Supply Depot x2  
  139  12:16  Cyclone x2  
  145  12:23  Orbital Command  
  145  12:24  Orbital Command  
  145  12:28  Refinery  
  145  12:35  Refinery  
  143  12:44  Planetary Fortress  
  143  12:46  Missile Turret  
  143  12:50  Missile Turret  
  143  12:51  Missile Turret  
  143  12:52  Hyperflight Rotors  
  143  12:53  Missile Turret  
  143  13:15  Advanced Ballistics  
  143  13:30  Hellion x2, Siege Tank x2  
  143  13:31  Cyclone  
  143  13:32  Battlecruiser, Viking x2  
  166  13:45  Hellion x2  
  166  14:02  Command Center  
  166  14:08  Hellion x2, Cyclone x2  
  166  14:09  Cyclone  
  179  14:10  Viking x3  
  185  14:24  Terran Ship Weapons Level 2  
  185  14:29  Liberator x2  
  182  14:45  Hellion x2  
  190  14:46  Hellion x3  
  190  14:48  Viking  
  197  15:06  Command Center x2  
  155  15:26  Siege Tank x2  
  155  15:27  Hellion x2  
  126  15:45  Starport  
  126  15:47  Factory  
  124  15:51  Starport  
  116  15:58  Siege Tank  
  113  16:06  Liberator x2  
  113  16:07  Liberator  
  101  16:22  Hellion x2  
  90  16:46  Planetary Fortress  
  90  16:49  Refinery x2, Liberator  
  86  16:55  Liberator  
  54  17:59  Liberator  
  54  18:13  Terran Ship Weapons Level 3  
  54  18:15  Starport Tech Lab  
  54  18:17  Hellion  
  54  18:18  Hellion x3  
  63  18:26  Orbital Command  
  57  18:31  Orbital Command  
  57  18:49  Liberator  
  57  18:55  Hellion x2  
  63  18:56  Factory Tech Lab x2  
  61  19:06  Banshee  
  67  19:13  SCV x3  
  67  19:14  SCV x3  
  70  19:40  Siege Tank  
  70  19:41  Hellion, Siege Tank  
  70  19:42  Hellion  
  70  19:43  SCV x2  
  70  19:44  SCV x3  
  77  20:13  Viking x3  
  74  20:25  Orbital Command  
  71  20:43  Viking  
  71  20:45  Hellion x2, Siege Tank x2  
  71  20:46  Hellion  
  85  20:51  Liberator  
  85  20:53  Hellion x4  
  79  21:08  Banshee  
  79  21:10  Hellion x3  
  91  21:17  Siege Tank  
  94  21:41  Hellion x3  
  94  21:42  Hellion  
  88  22:08  Viking x3  
  88  22:11  Hellion x3, Siege Tank x2  
  105  22:28  Orbital Command  
  105  22:38  Viking  
  105  22:41  Viking x2  
  105  22:43  Hellion x3, Siege Tank  
  118  23:15  Viking x2  
  118  23:16  Viking  
  116  23:32  Factory Tech Lab  
  112  23:50  Drilling Claws  
  112  23:51  Widow Mine x2  
  106  24:25  Hellion x2  
  106  24:26  Hellion x2  
  106  24:27  Banshee  
  117  24:32  Supply Depot  
  117  24:33  Supply Depot  
  115  24:56  Command Center  
  110  25:09  Liberator x2  
  110  25:25  Banshee  
  110  25:28  Hellion x4  
  127  25:29  Hellion  
  125  25:49  Hellion x2  
  133  25:50  Hellion x2  
  126  26:24  Planetary Fortress  
  120  26:37  Missile Turret  
  118  27:37  Liberator  
  118  27:38  Liberator  
  114  27:54  Hellion x4  
  114  27:55  Banshee  
  120  28:38  Banshee  
  67  29:22  Hellion x4  
Show
View Real Time Build Order
Export as new Build Order

Muse Zerg 

Build Orders: Pool First, Muta Ling Bane 

Get SALT Encoding   

  12  0:01  Drone  
  13  0:13  Overlord  
  13  0:18  Drone  
  14  0:31  Drone x2  
  16  0:39  Drone  
  17  0:46  Spawning Pool  
  17  0:49  Drone  
  17  1:12  Hatchery  
  17  1:14  Drone  
  17  1:18  Extractor  
  17  1:23  Drone  
  17  1:30  Drone x2  
  19  1:38  Queen  
  21  1:44  Overlord  
  21  1:56  Drone  
  22  2:10  Drone  
  22  2:12  Drone  
  22  2:14  Queen  
  26  2:24  Zergling x4  
  26  2:27  Metabolic Boost  
  28  2:33  Drone  
  28  2:35  Drone, Queen  
  32  2:53  Overlord  
  32  2:55  Drone x4  
  36  2:58  Lair  
  36  3:12  Drone  
  37  3:13  Drone x2  
  39  3:25  Drone x5  
  44  3:29  Extractor x2  
  44  3:30  Extractor  
  44  3:33  Overlord x2  
  41  3:34  Drone x2  
  41  3:36  Drone  
  44  3:58  Drone x2  
  44  3:59  Drone x5  
  44  4:00  Drone  
  52  4:05  Drone, Spire  
  50  4:24  Zergling x8  
  51  4:28  Zergling x10  
  51  4:30  Overlord  
  59  4:36  Overlord  
  55  5:15  Roach Warren  
  55  5:17  Mutalisk  
  55  5:18  Mutalisk x6  
  68  5:27  Zergling x2  
  68  5:28  Zergling x6  
  68  5:57  Overlord x4  
  68  5:58  Baneling Nest  
  68  5:59  Spine Crawler  
  68  6:01  Hatchery  
  68  6:03  Hatchery  
  61  6:17  Drone x6  
  64  6:19  Queen x2  
  56  6:36  Drone x4  
  60  6:46  Drone  
  60  6:47  Drone x4  
  65  7:02  Drone x3  
  65  7:06  Centrifical Hooks  
  68  7:11  Overseer  
  68  7:17  Drone  
  68  7:18  Drone x4  
  73  7:31  Drone x3  
  73  7:32  Drone x5  
  73  7:33  Drone, Extractor  
  73  7:34  Extractor  
  80  7:47  Evolution Chamber  
  80  7:48  Drone, Glial Reconstitution  
  80  7:49  Drone x4  
  80  7:50  Evolution Chamber, Drone  
  84  7:52  Zergling x2  
  85  8:13  Drone x4  
  85  8:15  Drone x10  
  85  8:16  Queen  
  85  8:18  Overlord  
  101  8:25  Roach x4  
  107  8:46  Roach  
  107  8:47  Roach x9  
  114  9:00  Roach  
  114  9:01  Roach x3  
  117  9:14  Hydralisk Den  
  117  9:15  Drone x4  
  120  9:17  Infestation Pit  
  120  9:23  Overlord, Zerg Ground Armor Level 1, Zerg Melee Weapons Level 1  
  120  9:24  Overlord x4  
  119  9:34  Zerg Flyer Weapons Level 1  
  117  9:51  Hydralisk x12  
  117  9:52  Hydralisk x2  
  137  10:01  Extractor x2  
  137  10:02  Spore Crawler  
  137  10:03  Drone x4, Spore Crawler  
  137  10:04  Spore Crawler  
  134  10:10  Drone x5  
  137  10:17  Ravager x12  
  137  10:18  Ravager  
  150  10:22  Muscular Augments  
  150  10:25  Drone x3  
  153  10:36  Hive  
  153  10:44  Spore Crawler, Drone  
  153  10:45  Drone  
  153  10:46  Spore Crawler  
  153  10:51  Drone x2  
  153  10:53  Corruptor  
  153  10:54  Corruptor x2  
  153  10:56  Overlord  
  153  10:57  Overlord x2  
  159  10:59  Overseer  
  159  11:00  Overseer x2  
  159  11:06  Drone  
  160  11:15  Drone x4  
  164  11:19  Hatchery  
  164  11:22  Zerg Ground Armor Level 2, Zerg Melee Weapons Level 2  
  163  11:27  Pathogen Glands  
  146  11:46  Drone  
  147  11:47  Drone x18  
  147  11:51  Drone  
  147  11:52  Drone x3  
  159  11:55  Drone x2  
  159  11:56  Drone  
  162  12:12  Viper x4  
  174  12:18  Queen  
  174  12:20  Roach  
  174  12:21  Roach x2  
  154  13:00  Hydralisk  
  154  13:01  Hydralisk x17  
  154  13:05  Drone x4  
  190  13:06  Drone  
  190  13:08  Drone  
  190  13:09  Drone  
  186  13:23  Overseer  
  181  13:30  Pneumatized Carapace  
  174  13:45  Hydralisk x8  
  190  13:53  Spore Crawler  
  190  13:55  Spore Crawler, Drone x2  
  190  13:56  Spore Crawler  
  190  13:58  Overlord x3, Extractor x2  
  190  13:59  Drone  
  190  14:00  Drone x2  
  190  14:18  Hydralisk  
  190  14:19  Hydralisk x4  
  190  14:21  Spore Crawler  
  199  14:26  Spore Crawler  
  199  14:28  Drone, Spine Crawler  
  199  14:29  Drone x3, Spine Crawler x3  
  194  14:56  Roach x3  
  154  15:20  Roach  
  154  15:21  Roach x18  
  150  15:22  Roach x3  
  150  15:54  Roach  
  150  15:55  Roach x9  
  132  16:21  Hydralisk x6  
  144  16:36  Viper x2  
  148  16:46  Drone x2  
  74  17:35  Drone  
  74  17:36  Drone x14  
  73  18:32  Hatchery, Hydralisk  
  73  18:33  Hydralisk x11  
  96  18:55  Overseer x2  
  96  18:56  Viper  
  96  18:57  Viper  
  96  19:00  Hydralisk x3  
  96  19:01  Hydralisk x3  
  114  19:17  Hydralisk  
  114  19:18  Hydralisk x4  
  107  19:44  Drone  
  107  19:45  Drone x13  
  121  20:15  Roach  
  121  20:16  Roach x9  
  141  20:34  Hatchery  
  140  20:41  Roach  
  140  20:42  Roach x3  
  140  21:05  Hydralisk x7  
  154  21:24  Extractor  
  153  21:27  Extractor  
  152  21:39  Burrow  
  143  21:40  Drone  
  143  21:41  Drone x17  
  148  21:59  Zerg Missile Weapons Level 1  
  148  22:03  Drone x5  
  153  22:10  Viper  
  156  22:33  Roach  
  156  22:35  Drone x13  
  156  22:36  Drone  
  141  23:13  Drone  
  141  23:16  Drone x2  
  141  23:17  Drone x5  
  149  23:29  Roach  
  149  23:30  Roach x7  
  163  23:41  Drone x5  
  163  23:56  Spawning Pool  
  160  24:03  Drone x5  
  153  24:13  Drone  
  153  24:14  Drone x13  
  153  24:16  Evolution Chamber  
  164  24:18  Evolution Chamber  
  164  24:20  Evolution Chamber  
  161  25:01  Roach x6  
  161  25:02  Roach x3  
  179  25:11  Overlord x4  
  179  25:12  Overlord  
  167  25:41  Viper x2  
  167  25:42  Viper x3  
  164  25:56  Drone x2, Spine Crawler  
  164  25:57  Drone x13  
  172  26:00  Spine Crawler  
  177  26:10  Drone x6  
  160  26:29  Drone  
  160  26:30  Drone x11  
  162  26:50  Drone x3  
  162  26:51  Drone x3  
  168  27:07  Drone x5  
  168  27:08  Drone  
  171  27:19  Overseer  
  171  27:23  Hydralisk x2  
  167  27:39  Drone  
  167  27:40  Drone x5, Spore Crawler  
  158  27:56  Hydralisk  
  98  29:06  Hydralisk x4  
  88  29:11  Roach x9  
  64  29:20  Mutalisk x4  
  57  29:36  Zergling x12  
  57  29:37  Zergling x8  
Tags
 
Add a new tag
Caveats
  • Supply blocks, unpowered buildings, or Contaminate may cause inaccurate times.
  • Supply counts are checked every 10 seconds.